 Dungeon Crawl Stone Soup version 0.29-a0-541-gaf1fc19f1b (webtiles) character file.

Game seed: 3989683887066194626

84 happo123 the Sneak (level 4, -3/25 HPs)
             Began as a Kobold Enchanter on June 2, 2022.
             Slain by a gnoll
             ... wielding a +0 spear
              (6 damage)
             ... on level 3 of the Dungeon.
             The game lasted 00:06:52 (2770 turns).

happo123 the Sneak (Kobold Enchanter)               Turns: 2770, Time: 00:06:53

Health: -3/25      AC:  2    Str:  5    XL:     4   Next: 72%
Magic:  1/7        EV: 19    Int: 18    God:
Gold:   49         SH:  5    Dex: 15    Spells: 3/8 levels left

rFire   . . .      SeeInvis .   a - +1 dagger
rCold   . . .      Faith    .   (no shield)
rNeg    . . .      Spirit   .   b - +0 robe
rPois   .          Reflect  +   (no helmet)
rElec   .          Harm     .   (no cloak)
rCorr   .          Rampage  .   (no gloves)
Will    .....                   (no boots)
Stlth   ++++......              j - amulet of reflection
HPRegen 0.08/turn               n - +4 ring of evasion
MPRegen 0.10/turn               (no ring)

@: very slightly contaminated
A: small, no large weapons, nightstalker 3
a: no special abilities


You were on level 3 of the Dungeon.
You visited 1 branch of the dungeon, and saw 3 of its levels.

You collected 109 gold pieces.
You spent 60 gold pieces at shops.

Inventory:

Hand Weapons
 a - a +1 dagger (weapon)
Armour
 b - a +0 robe (worn)
Jewellery
 j - an amulet of reflection (around neck)
 n - a +4 ring of evasion (left hand)
Scrolls
 d - a scroll of enchant weapon {unknown}
 e - 2 scrolls of teleportation {unknown}
 h - 3 scrolls of enchant armour {unknown}
 k - a scroll of noise {unknown}
 l - 3 scrolls of identify {unknown}
 m - a scroll of fog {unknown}
 o - a scroll of vulnerability {unknown}
Potions
 c - 2 potions of invisibility
 f - 2 potions of attraction {unknown}
 g - 2 potions of heal wounds
 i - a potion of lignification {unknown}
 p - a potion of mutation {unknown}


   Skills:
 + Level 1.1 Fighting
 + Level 2.3 Short Blades
 + Level 3.0 Dodging
 + Level 4.5 Stealth
 + Level 2.5 Spellcasting
 * Level 3.8 Hexes


You had 3 spell levels left.
You knew the following spells:

 Your Spells              Type           Power      Damage    Failure   Level
a - Ensorcelled Hibernat  Hex/Ice        18%        N/A       12%         2
b - Confusing Touch       Hex            16%        N/A       11%         3

Your spell library contained the following spells:

 Spells                   Type           Power      Damage    Failure   Level
 Tukima's Dance           Hex            16%        N/A       11%         3
 Dazzling Flash           Conj/Hex       18%        N/A       24%         3


Dungeon Overview and Level Annotations

Branches:
Dungeon (3/15)

Altars:

Shops:
D:3 (**


Innate Abilities, Weirdness & Mutations

You are small and have problems with some larger weapons.
You are completely attuned to the shadows.


Message History

You barely miss the ball python.
The ball python is severely wounded.
The ball python completely misses you. The ball python grabs you.
The ball python constricts you.
You hit the ball python.
You kill the ball python!
The gnoll hits you with a +0 club!
You see here a ball python corpse.
Aiming: Ensorcelled Hibernation (safe; 12% risk of failure)
Press: ? - help, Q - select action Shift-Dir - straight line, f - gnoll
Aim: a gnoll, wielding a +0 club (chance to affect: 51%)
The gnoll looks drowsy...
The helpless gnoll fails to defend itself.
You impale the gnoll!!
You kill the gnoll!
Aiming: Ensorcelled Hibernation (safe; 12% risk of failure)
Press: ? - help, Q - select action Shift-Dir - straight line, f - quokka
Aim: a quokka (chance to affect: 61%)
The quokka looks drowsy...
The helpless quokka fails to defend itself.
You impale the quokka!!
You kill the quokka!
Aiming: Ensorcelled Hibernation (safe; 12% risk of failure)
Press: ? - help, Q - select action Shift-Dir - straight line, f - gnoll
Aim: a gnoll, wielding a +0 whip (chance to affect: 51%)
You miscast Ensorcelled Hibernation.
You are very lightly contaminated with residual magic.
Nothing appears to happen.
The gnoll hits you with a +0 whip.
You closely miss the gnoll. The gnoll misses you. The gnoll closely misses you.
You hit the gnoll but do no damage. The gnoll misses you.
The gnoll hits you with a +0 whip.
You hit the gnoll.
The gnoll is lightly wounded.
The gnoll closely misses you. The gnoll hits you with a +0 whip.
* * * LOW HITPOINT WARNING * * *
You hit the gnoll.
The gnoll is heavily wounded.
The gnoll hits you from afar with a +0 spear.
You die...

## #..###..#.....#...#
...######..##....#####...#
#.......)..##..###########
# #...................# #
##.##.........##..#####.###
# #........gr...##..###
#...# #
......g.#####g#.....# ###.#
# .........# #g#.....# #.#
# ?..[...g.# #@#....)#
#.#### ......∩..# #.#######
#.##.. .........# #.#
#..#.# .........# #.#
##.#.# .......... ... #....
.........# #.? ##..#.
......... ####.>...
......... ####.....


You could see 2 gnolls.

Vanquished Creatures
  A gnoll (D:3)
  An adder (D:2)
  A worm (D:3)
  2 dart slugs
  2 endoplasms
  3 giant cockroaches
  9 goblins
  5 hobgoblins
  2 jackals (D:1)
  4 quokkas
  6 ball pythons
  5 bats
  4 frilled lizards (D:1)
  4 kobolds
  7 rats
56 creatures vanquished.

Notes
Turn   | Place    | Note
-------+----------+-------------------------------------------
     0 | D:1      | happo123 the Kobold Enchanter began the quest for the Orb.
     0 | D:1      | Reached XP level 1. HP: 10/10 MP: 3/3
   224 | D:1      | Reached XP level 2. HP: 15/15 MP: 5/5
   253 | D:1      | Learned a level 2 spell: Ensorcelled Hibernation
   493 | D:1      | Found a faded altar of an unknown god.
   530 | D:1      | Reached XP level 3. HP: 1/20 MP: 2/6
  2052 | D:2      | Reached XP level 4. HP: 24/24 MP: 7/7
  2064 | D:2      | Learned a level 3 spell: Confusing Touch
  2217 | D:2      | Reached skill level 1 in Fighting
  2549 | D:3      | Found Pezxucs's General Store.
  2555 | D:3      | Bought a potion of heal wounds for 60 gold pieces
  2680 | D:3      | Found Abicru Deyg's Assorted Antiques.
  2726 | D:3      | Found Qibrin's Weapon Shoppe.
  2770 | D:3      | Slain by a gnoll

Illustrated notes

Levels and vault maps discovered:
D:1:      ncdulo_watergridlock, layout_loops_ring,
          hellmonk_ecumenical_altar_dog_temple
D:2:      layout_loops_cross, serial_park_tiny_2, skrybe_limestone_x
D:3:      layout_rooms, serial_shops, shop, nicolae_shop_bloodbath_and_beyond,
          nicolae_shop_waterfront, shop, shop

Skill      XL: |  1  2  3  4 |
---------------+-------------+-----
Short Blades   | 2 |  2.3
Fighting       | 1 |  1.1
Dodging        | 3 |  3.0
Stealth        | |  4.5
Spellcasting   | |  2.5
Hexes          | |  3.8

Action                   |  1- 3 |  4- 6 || total
-------------------------+-------+-------++-------
Melee: Dagger            |   111 |    25 ||   136
       Punch             |     1 |       ||     1
 Cast: Ensorcelled Hiber |    18 |     8 ||    26
 Stab: Sleeping          |    27 |    13 ||    40
       Distracted        |     1 |       ||     1
Armor: Robe              |     9 |       ||     9
Dodge: Dodged            |    78 |    24 ||   102
Block: Other             |     7 |     6 ||    13

Table legend: (Time is in decaauts)
 A = Elapsed time spent in this place.
 B = Non-inter-level travel time spent in this place.
 C = Inter-level travel time spent in this place.
 D = Time resting spent in this place.
 E = Time spent auto-exploring this place.
 F = Levels seen in this place.
 G = Mean time per level.
                   A        B        C        D        E       F      G
               +--------+--------+--------+--------+--------+-----+--------+
         Total |   2758 |   2625 |    133 |    309 |   1885 |   3 |  919.3 |
       Dungeon |   2758 |   2625 |    133 |    309 |   1885 |   3 |  919.3 |
               +--------+--------+--------+--------+--------+-----+--------+

Top non-repeatable levels by time:
     D:1: 1487 daAuts
     D:2: 877 daAuts
     D:3: 393 daAuts
